Map: Lightshade LE

Players

Stats - Winner!

  • Race: Protoss Protoss
  • Spawn Location: 11:00

ShoWTimE

  • Race: Protoss Protoss
  • Spawn Location: 5:00

VOD

Have the link to the VOD?

Description

Time

  • Played on: Jan. 15, 2021, 10:52 a.m.
  • Length: 6:34
Show
View Real Time Build Order
Export as new Build Order

Stats Protoss - Winner!

Build Orders: Phoenix Opening, Blink Stalkers 

Get SALT Encoding   

  12  0:00  Probe  
  13  0:12  Probe  
  14  0:17  Pylon  
  14  0:25  Probe (Chrono Boost)  
  15  0:37  Gateway, Probe (Chrono Boost)  
  16  0:45  Probe (Chrono Boost)  
  16  0:46  Assimilator  
  17  0:51  Probe  
  17  0:55  Assimilator  
  18  1:03  Probe (Chrono Boost)  
  19  1:08  Gateway  
  19  1:14  Probe (Chrono Boost)  
  20  1:19  Probe (Chrono Boost)  
  20  1:24  Cybernetics Core  
  21  1:29  Probe  
  22  1:35  Pylon  
  22  1:41  Probe  
  23  1:54  Probe  
  24  2:01  Stalker x2  
  24  2:02  Warp Gate  
  24  2:06  Probe  
  29  2:15  Pylon  
  29  2:31  Stalker  
  29  2:33  Stalker  
  32  2:56  Nexus  
  32  3:02  Sentry  
  32  3:03  Sentry  
  36  3:08  Pylon  
  36  3:15  Probe  
  37  3:23  Twilight Council  
  37  3:27  Probe  
  37  3:32  Shield Battery  
  38  3:37  Phoenix  
  38  3:39  Probe  
  39  3:50  Stalker  
  39  3:52  Stalker, Probe  
  44  3:56  Blink (Chrono Boost)  
  44  4:04  Probe  
  44  4:08  Probe  
  46  4:17  Pylon  
  46  4:24  Stalker  
  48  4:28  Stalker  
  50  4:39  Probe x2  
  50  4:44  Gateway  
  52  4:50  Stalker  
  52  4:51  Stalker  
  51  5:02  Probe x2  
  54  5:14  Probe x2  
  54  5:17  Stalker x2  
  59  5:31  Probe  
  59  5:32  Probe  
  59  5:35  Robotics Facility, Forge  
  61  5:39  Pylon  
  61  5:46  Nexus  
  61  5:48  Pylon  
  62  5:50  Probe (Chrono Boost)  
  62  5:57  Probe (Chrono Boost)  
  62  6:02  Probe (Chrono Boost)  
  64  6:07  Probe (Chrono Boost)  
Show
View Real Time Build Order
Export as new Build Order

ShoWTimE Protoss 

Build Orders:  

Get SALT Encoding   

  12  0:00  Probe  
  13  0:12  Probe  
  14  0:17  Pylon  
  14  0:25  Probe (Chrono Boost)  
  15  0:36  Gateway  
  15  0:37  Probe (Chrono Boost)  
  16  0:45  Probe (Chrono Boost)  
  16  0:46  Assimilator  
  17  0:51  Probe  
  17  0:55  Assimilator  
  18  1:03  Probe (Chrono Boost)  
  19  1:07  Gateway  
  19  1:14  Probe (Chrono Boost)  
  20  1:18  Probe (Chrono Boost)  
  20  1:25  Cybernetics Core  
  21  1:29  Probe  
  22  1:36  Pylon  
  22  1:41  Probe  
  24  1:54  Probe  
  24  2:01  Adept x2, Warp Gate  
  24  2:06  Probe  
  29  2:12  Pylon  
  29  2:24  Pylon  
  29  2:31  Adept  
  29  2:32  Adept  
  33  3:01  Adept  
  33  3:02  Adept  
  37  3:10  Pylon  
  37  3:19  Nexus  
  37  3:25  Probe  
  38  3:33  Shield Battery  
  38  3:38  Probe  
  39  3:49  Adept x2  
  39  3:52  Twilight Council  
  39  3:53  Probe  
  44  4:05  Probe (Chrono Boost)  
  44  4:09  Pylon  
  46  4:17  Probe (Chrono Boost)  
  46  4:22  Probe (Chrono Boost)  
  46  4:24  Blink (Chrono Boost)  
  47  4:28  Sentry x2  
  51  4:31  Probe x2  
  53  4:43  Probe, Robotics Facility  
  53  4:44  Probe  
  51  4:55  Probe  
  51  4:56  Sentry, Probe  
  51  4:57  Stalker  
  55  5:01  Shield Battery  
  53  5:07  Probe  
  53  5:09  Probe  
  55  5:19  Stalker  
  55  5:20  Stalker, Probe  
  60  5:21  Probe  
  57  5:31  Observer (Chrono Boost)  
  57  5:32  Probe  
  57  5:34  Probe  
  58  5:40  Gateway  
  58  5:44  Stalker x2, Probe  
  58  5:45  Observer  
  58  5:46  Probe  
  58  5:47  Assimilator  
  63  5:55  Pylon  
  63  5:56  Probe  
  64  5:58  Shield Battery  
  62  6:08  Stalker x2  
Tags
 
Add a new tag
Caveats
  • Supply blocks, unpowered buildings, or Contaminate may cause inaccurate times.
  • Supply counts are checked every 10 seconds.